 Dungeon Crawl Stone Soup version 0.30-a0-168-g0b976cbdc4 (webtiles) character file.

Game seed: 9319627152901614803

806 qw the Chopper (level 7, -3/44 HPs)
             Began as a Gargoyle Fighter on Sept 29, 2022.
             Was an Initiate of Okawaru.
             Slain by a two-headed ogre
             ... wielding a +0 giant spiked club
              (11 damage)
             ... on level 6 of the Dungeon.
             The game lasted 00:02:01 (6121 turns).

qw the Chopper (Gargoyle Fighter)                   Turns: 6121, Time: 00:02:02

Health: -3/44      AC: 19    Str: 22    XL:     7   Next: 91%
Magic:  7/7        EV:  6    Int:  8    God:    Okawaru [......]
Gold:   248        SH:  4    Dex:  9    Spells: 6/6 levels left

rFire   . . .      SeeInvis .    Y - +0 war axe
rCold   . . .      Faith    .    c - +0 buckler
rNeg    + . .      Spirit   .    o - +0 plate armour
rPois   inf        Reflect  .    h - +0 helmet
rElec   +          Harm     .    (no cloak)
rCorr   .          Rampage  .    (no gloves)
Will    .....                    l - +0 pair of boots
Stlth   ..........               (no amulet)
HPRegen 0.14/turn                (no ring)
MPRegen 0.10/turn                (no ring)

@: about to teleport
A: sickness immunity, AC +4, negative energy resistance 1, electricity
resistance, torment resistance 1, petrification resistance
a: Renounce Religion


You were on level 6 of the Dungeon.
You worshipped Okawaru.
Okawaru was noncommittal.
You visited 2 branches of the dungeon, and saw 7 of its levels.

You collected 248 gold pieces.


Innate Abilities, Weirdness & Mutations

You are immune to sickness and miasma.
Your stone body is resilient. (AC +4)
You are immune to poison.
You resist negative energy. (rN+)
You are resistant to electric shocks. (rElec)
You are resistant to unholy torment.
You are immune to petrification.


   Skills:
 + Level 4.8 Fighting
 - Level 7.0 Axes
 - Level 4.4 Armour
 - Level 3.2 Shields


You had 6 spell levels left.
You didn't know any spells.
Your spell library was empty.

Inventory:

Hand Weapons
 f - a +0 whip
 Y - a +0 war axe (weapon)
Missiles
 p - 2 boomerangs (quivered)
Armour
 c - a +0 buckler (worn)
 h - a +0 helmet (worn)
 j - a +0 chain mail of cold resistance
 l - a +0 pair of boots (worn)
 o - a +0 plate armour (worn)
Scrolls
 b - a scroll of identify
 k - a scroll of teleportation
Potions
 a - a potion of heal wounds {unknown}
 d - a potion of might
 e - 4 potions of curing
 i - a potion of degeneration {unknown}
 m - a potion of magic {unknown}
 n - a potion of resistance {unknown}

Dungeon Overview and Level Annotations

Branches:
Dungeon (6/15)             Temple (1/1) D:5

Altars:
Ashenzari
Cheibriados
Dithmenos
Elyvilon
Fedhas
Gozag
Kikubaaqudgha
Makhleb
Nemelex Xobeh
Okawaru
Qazlal
Sif Muna
Uskayaw
Vehumet
Wu Jian
Xom
Yredelemnul
The Shining One


Message History

There is a stone staircase leading down here.
You climb downwards.
There is a stone staircase leading up here.
Existing waypoints: (1) Temple (2) D:5 Assign waypoint to what number? (0-9, D - delete waypoint) Waypoint 1 re-assigned from Temple to D:6.
Enter note: A two-headed ogre comes into view.
It is wielding a +0 giant spiked club and a +0 giant club.
Found a scale mail.
The two-headed ogre shouts in stereo!
Enter note: You hit the two-headed ogre.
The two-headed ogre is lightly wounded.
The two-headed ogre hits you with a +0 giant spiked club.
The two-headed ogre hits you with a +0 giant club!
You hit the two-headed ogre but do no damage.
The two-headed ogre is lightly wounded.
You hit the two-headed ogre.
The two-headed ogre is lightly wounded.
The two-headed ogre barely misses you.
The two-headed ogre hits you but does no damage.
You barely miss the two-headed ogre.
The two-headed ogre is lightly wounded.
The two-headed ogre barely misses you. x2
You barely miss the two-headed ogre.
The two-headed ogre is lightly wounded.
The two-headed ogre hits you with a +0 giant spiked club!
The two-headed ogre barely misses you.
You slash the two-headed ogre!
The two-headed ogre is moderately wounded.
The two-headed ogre hits you but does no damage.
The two-headed ogre hits you with a +0 giant club!
6120 ||| READING 2 scrolls of teleportation.
As you read the scroll of teleportation, it crumbles to dust.
You feel strangely unstable.
You completely miss the two-headed ogre.
The two-headed ogre is moderately wounded.
The two-headed ogre hits you with a +0 giant spiked club!
You die...

.. ....... ..
....... .
....... #. #.
....... #.. .#
....... ....
.#....... ....#
#.O.....[
.....##@##
#.......#
##.....##
..#......# .
........### ..#
..........#.....
........<.......
##....##........
#....# #........


You could see a two-headed ogre.

Vanquished Creatures
  Edmund (D:4)
  A black bear (D:4)
  An ogre (D:4)
  2 scorpions (D:4)
  2 orc priests (D:5)
  A hound (D:5)
  A jelly (D:5)
  Jessica (D:2)
  2 iguanas (D:4)
  An orc wizard (D:5)
  Robin (D:2)
  8 adders
  A dart slug (D:1)
  7 orcs
  4 bats
  8 endoplasms
  4 giant cockroaches
  14 goblins
  11 hobgoblins
  4 kobolds
  4 quokkas
  8 ball pythons
  6 frilled lizards
  9 rats
102 creatures vanquished.

Notes
Turn   | Place    | Note
-------+----------+-------------------------------------------
     0 | D:1      | qw the Gargoyle Fighter began the quest for the Orb.
     0 | D:1      | Reached XP level 1. HP: 14/14 MP: 1/1
     0 | D:1      | 0 ||| qw: Version: 0.2-a-12-gaebbb33
     0 | D:1      | 0 ||| qw: Game counter: 1144
     0 | D:1      | 0 ||| qw: Always use a shield: true
     0 | D:1      | 0 ||| qw: God list: Okawaru
     0 | D:1      | 0 ||| qw: Allow faded altars: false
     0 | D:1      | 0 ||| qw: Do Orc after D:15 true
     0 | D:1      | 0 ||| qw: Do second Lair branch before Depths: true
     0 | D:1      | 0 ||| qw: Lair rune preference: random
     0 | D:1      | 0 ||| qw: Plans: Normal, Zot:1-4, God:TSO, Crypt, Tomb,
                  | Pan, Slime:5, Hells, Abyss, Orb
     0 | D:1      | 0 ||| PLANNING D:1-11
   112 | D:1      | Reached skill level 2 in Axes
   221 | D:1      | Reached XP level 2. HP: 13/19 MP: 2/2
   506 | D:1      | Reached skill level 3 in Axes
   565 | D:1      | 565 ||| Stepping ~*~*~tactically~*~*~ (stealth).
   572 | D:1      | 572 ||| Stepping ~*~*~tactically~*~*~ (stealth).
   574 | D:1      | Reached XP level 3. HP: 23/23 MP: 3/3
   602 | D:1      | 602 ||| Stepping ~*~*~tactically~*~*~ (stealth).
   778 | D:1      | 778 ||| UPGRADING to amulet of guardian spirit.
   783 | D:1      | 783 ||| READING scroll labelled LEZIMMIXIY.
   965 | D:2      | 965 ||| Stepping ~*~*~tactically~*~*~ (stealth).
   966 | D:2      | 966 ||| Stepping ~*~*~tactically~*~*~ (stealth).
   967 | D:2      | 967 ||| Stepping ~*~*~tactically~*~*~ (stealth).
  1053 | D:2      | 1053 ||| Stepping ~*~*~tactically~*~*~ (stealth).
  1083 | D:2      | 1083 ||| DROPPING +0 club.
  1147 | D:2      | Noticed Jessica
  1148 | D:2      | 1148 ||| Stepping ~*~*~tactically~*~*~ (stealth).
  1161 | D:2      | Killed Jessica
  1162 | D:2      | Reached skill level 4 in Axes
  1162 | D:2      | Reached XP level 4. HP: 24/28 MP: 2/4
  1610 | D:2      | Found a faded altar of an unknown god.
  1922 | D:2      | 1922 ||| Stepping ~*~*~tactically~*~*~ (stealth).
  1930 | D:2      | Noticed Robin
  1931 | D:2      | 1931 ||| Stepping ~*~*~tactically~*~*~ (stealth).
  1932 | D:2      | 1932 ||| Stepping ~*~*~tactically~*~*~ (stealth).
  1934 | D:2      | 1934 ||| Stepping ~*~*~tactically~*~*~ (stealth).
  1948 | D:2      | Killed Robin
  1949 | D:2      | Reached XP level 5. HP: 30/32 MP: 3/5
  2084 | D:2      | 2084 ||| UPGRADING to +0 helmet.
  2089 | D:2      | 2089 ||| UPGRADING to +0 chain mail.
  2099 | D:2      | 2099 ||| DROPPING +0 scale mail.
  2100 | D:2      | 2100 ||| READING scroll labelled HONATWO COCVI.
  2101 | D:2      | 2101 ||| DRINKING 3 bubbling red potions.
  2216 | D:3      | 2216 ||| Stepping ~*~*~tactically~*~*~ (stealth).
  2234 | D:3      | 2234 ||| Stepping ~*~*~tactically~*~*~ (stealth).
  2242 | D:3      | 2242 ||| Stepping ~*~*~tactically~*~*~ (stealth).
  2484 | D:3      | Reached skill level 5 in Axes
  3006 | D:3      | 3006 ||| DROPPING orb of mayhem.
  3007 | D:3      | 3007 ||| UPGRADING to +0 pair of boots.
  3012 | D:3      | 3012 ||| UPGRADING to +0 plate armour.
  3022 | D:3      | 3022 ||| DROPPING +0 chain mail.
  3023 | D:3      | 3023 ||| READING scroll labelled IVAOLI CIRIMUA.
  3024 | D:3      | 3024 ||| READING scroll labelled BITEIBBEUMY.
  3125 | D:4      | Noticed a black bear
  3139 | D:4      | Killed a black bear
  3140 | D:4      | Reached XP level 6. HP: 37/39 MP: 6/6
  3291 | D:4      | Noticed Edmund
  3319 | D:4      | HP: 5/39 [Edmund/+1 dire flail of protection (6)]
  3320 | D:4      | 3320 ||| READING 4 scrolls of teleportation.
  3538 | D:4      | HP: 5/39 [Edmund/+1 dire flail of protection (6)]
  3539 | D:4      | 3539 ||| READING 3 scrolls of teleportation.
  4061 | D:4      | 4061 ||| Stepping ~*~*~tactically~*~*~ (stealth).
  4064 | D:4      | 4064 ||| Stepping ~*~*~tactically~*~*~ (stealth).
  4071 | D:4      | Reached XP level 7. HP: 44/44 MP: 7/7
  4142 | D:4      | Reached skill level 6 in Axes
  4273 | D:4      | HP: 10/44 [Edmund/+1 dire flail of protection (4)]
  4274 | D:4      | 4274 ||| READING 2 scrolls of teleportation.
  4595 | D:4      | Killed Edmund
  5125 | D:4      | 5125 ||| READING scroll labelled KADISHRUVIMM.
  5150 | D:5      | Entered Level 5 of the Dungeon
  5270 | D:5      | 5270 ||| Stepping ~*~*~tactically~*~*~ (hiding).
  5299 | D:5      | 5299 ||| Stepping ~*~*~tactically~*~*~ (stealth).
  5324 | D:5      | 5324 ||| Stepping ~*~*~tactically~*~*~ (hiding).
  5521 | D:5      | Found a staircase to the Ecumenical Temple.
  5522 | D:5      | 5522 ||| PLANNING TEMPLE
  5522 | D:5      | 5522 ||| DROPPING ring of flight.
  5528 | Temple   | Entered the Ecumenical Temple
  5615 | Temple   | 5615 ||| PLANNING OKAWARU WORSHIP
  5688 | Temple   | Became a worshipper of Warmaster Okawaru
  5689 | Temple   | 5689 ||| PLANNING D:1-11
  5689 | Temple   | 5689 ||| REMOVING amulet of guardian spirit.
  5694 | Temple   | 5694 ||| DROPPING amulet of guardian spirit.
  5867 | D:5      | 5867 ||| Stepping ~*~*~tactically~*~*~ (hiding).
  5877 | D:5      | Reached skill level 7 in Axes
  6113 | D:6      | Noticed a two-headed ogre
  6119 | D:6      | HP: 7/44 [two-headed ogre/+0 giant spiked club (7)]
  6120 | D:6      | 6120 ||| READING 2 scrolls of teleportation.
  6121 | D:6      | Slain by a two-headed ogre

Levels and vault maps discovered:
D:1:      dpeg_arrival_concentric_ovals, layout_rooms
D:2:      layout_basic, basic_ecumenical_altar, eino_tiny_chamber, uniq_jessica,
          uniq_robin
D:3:      layout_basic
D:4:      layout_gridville, uniq_edmund
D:5:      layout_loops_ring, temple_green
D:6:      layout_cave_pools, mainiacjoe_overflow_divided_tiny,
          minmay_ruined_shrine
Temple:   regret_index_temple_mists

Skill      XL: |  1  2  3  4  5  6  7 |
---------------+----------------------+-----
Axes           | 2 3 4 5 7 |  7.0
Fighting       | 4 |  4.8
Armour         | 4 |  4.4
Shields        | |  3.2

Action                   |  1- 3 |  4- 6 |  7- 9 || total
-------------------------+-------+-------+-------++-------
Melee: War axe           |    92 |   205 |   139 ||   436
Throw: Boomerang         |       |       |     2 ||     2
  Use: Scroll            |     1 |     5 |     3 ||     9
       Potion            |       |     1 |       ||     1
Armor: Scale mail        |    45 |    45 |       ||    90
       Chain mail        |       |    42 |       ||    42
       Plate armour      |       |    39 |    91 ||   130
Dodge: Dodged            |    33 |    85 |    26 ||   144
Block: Buckler           |    17 |    31 |    17 ||    65

Table legend:
 A = Non-vault XP
 B = Vault XP
 C = Vault XP percentage of total XP
 D = Non-vault monster count
 E = Vault monster count
 F = Vault count percentage of total count
                 A         B        C        D         E       F
            +---------+---------+-------+---------+---------+-------
      Total |     910 |     242 |  21.0 |      87 |      15 |  14.7
            +---------+---------+-------+---------+---------+-------
        D:1 |      44 |       0 |   0.0 |      27 |       0 |   0.0
        D:2 |      67 |      76 |  53.1 |      22 |      14 |  38.9
        D:3 |      61 |       0 |   0.0 |      13 |       0 |   0.0
        D:4 |     497 |     166 |  25.0 |      13 |       1 |   7.1
        D:5 |     241 |       0 |   0.0 |      12 |       0 |   0.0
            +---------+---------+-------+---------+---------+-------
